 Dungeon Crawl Stone Soup version 0.31-a0-152-g6aa68a64a1 (webtiles) character file.

Game seed: 6357106044123228740

7513 Twinkles the Covert (level 11, -7/71 HPs)
             Began as a Kobold Artificer on June 10, 2023.
             Was a Priest of Wu Jian.
             Mangled by Snorg (11 damage)
             ... on level 10 of the Dungeon.
             The game lasted 00:39:04 (10828 turns).

Twinkles the Covert (Kobold Artificer)             Turns: 10828, Time: 00:39:05

Health: -7/71      AC: 11    Str: 13    XL:     11   Next: 38%
Magic:  11/11      EV: 32    Int: 12    God:    Wu Jian [***...]
Gold:   513        SH:  0    Dex: 17    Spells: 10/10 levels left

rFire   + + +        k - +7 dagger "Zucziom" {spect, rF+ rCorr}
rCold   . . .        (no shield)
rNeg    . . .        v - +2 ring mail {rF+}
rPois   .            (no helmet)
rElec   .            (no cloak)
rCorr   +            S - +1 pair of gloves {infuse}
SInv    +            C - +0 pair of boots
Will    .....        f - amulet of the acrobat
Stlth   +++++        w - ring of see invisible
HPRegen 0.31/turn    H - ring of protection from fire
MPRegen 0.12/turn

%: acrobat, infuse magic (1 MP)
@: exhausted, acrobatic
A: small, no large weapons, nightstalker 3
a: Renounce Religion, Wall Jump, Serpent's Lash


You were on level 10 of the Dungeon.
You worshipped Wu Jian.
Wu Jian was most pleased with you.
You visited 2 branches of the dungeon, and saw 11 of its levels.

You collected 617 gold pieces.
You spent 104 gold pieces at shops.

Inventory:

Hand Weapons
 k - the +7 dagger "Zucziom" (weapon) {spect, rF+ rCorr}
   (You found it on level 2 of the Dungeon)

   rF:        It protects you from fire.
   rCorr:     It protects you from acid and corrosion.
 B - a +2 dagger of venom
 I - a +3 rapier of venom
Missiles
 i - 32 poisoned darts (quivered)
 u - 9 boomerangs
 F - 6 throwing nets
Armour
 b - a +0 leather armour
 v - a +2 ring mail of fire resistance (worn)
 x - the +3 robe of the New World {Dex+2}
   (You found it on level 5 of the Dungeon)

   Dex:       It affects your dexterity (+2).
 C - a +0 pair of boots (worn)
 S - a +1 pair of gloves of infusion (worn)
Jewellery
 f - an amulet of the acrobat (around neck)
 w - a ring of see invisible (left hand)
 y - a ring of fire
 G - a ring of ice
 H - a ring of protection from fire (right hand)
 K - an amulet of reflection
Wands
 d - a wand of iceblast (4)
 e - a wand of charming (9)
 h - a wand of roots (15)
 j - a wand of polymorph (8)
 q - a wand of flame (29)
Scrolls
 a - 3 scrolls of enchant armour {unknown}
 c - 2 scrolls of fog {unknown}
 l - 2 scrolls of torment {unknown}
 m - 2 scrolls of teleportation {unknown}
 o - 3 scrolls of fear {unknown}
 p - a scroll of magic mapping {unknown}
 r - 2 scrolls of enchant weapon {unknown}
 t - 4 scrolls of vulnerability {unknown}
 z - a scroll of acquirement {unknown}
 A - a scroll of noise {unknown}
 D - 4 scrolls of blinking
 E - a scroll of amnesia {unknown}
 L - a scroll of silence {unknown}
 P - a scroll of poison {unknown}
 Z - 2 scrolls of identify
Potions
 g - a potion of lignification {unknown}
 n - 2 potions of enlightenment {unknown}
 s - a potion of attraction {unknown}
 J - 2 potions of curing
 M - 3 potions of might
 N - 2 potions of heal wounds
 O - a potion of cancellation {unknown}
 Q - 4 potions of haste {unknown}
 R - 4 potions of resistance
 T - a potion of berserk rage {unknown}
 U - a potion of mutation


   Skills:
 + Level 9.0 Fighting
 - Level 10.0 Short Blades
 + Level 4.0 Armour
 - Level 8.5 Dodging
 + Level 11.6 Stealth
 + Level 6.9 Evocations


You had 10 spell levels left.
You didn't know any spells.
Your spell library contained the following spells:

 Spells                   Type           Power      Damage    Failure   Level
 Slow                     Hex            0%         N/A       56%         1
 Summon Small Mammal      Summ           0%         N/A       56%         1
 Call Canine Familiar     Summ           0%         N/A       90%         3
 Confusing Touch          Hex            0%         N/A       90%         3
 Hailstorm                Conj/Ice       0%         3d3       90%         3
 Inner Flame              Hex/Fire       0%         N/A       90%         3
 Summon Guardian Golem    Hex/Summ       0%         N/A       90%         3
 Vampiric Draining        Necr           0%         2d6       90%         3
 Flame Wave               Conj/Fire      0%         2d4       100%        4
 Ice Form                 Ice/Tmut       0%         N/A       100%        4
 Sticky Flame             Conj/Fire      0%         2d3       100%        4
 Summon Forest            Summ/Tloc      0%         N/A       100%        5
 Summon Mana Viper        Hex/Summ       0%         N/A       100%        5
 Simulacrum               Ice/Necr       0%         N/A       100%        6
 Summon Cactus Giant      Summ           0%         N/A       100%        6


Dungeon Overview and Level Annotations

Branches:
Dungeon (10/15) Zot: 26527  Temple (1/1) D:4 Zot: 5910
   Lair: D:8-11         Orc: D:9-12

Altars:
Ashenzari
Cheibriados
Dithmenos
Elyvilon
Fedhas
Gozag
Hepliaklqana
Kikubaaqudgha
Makhleb
Nemelex Xobeh
Qazlal
Ru
Sif Muna
Trog
Uskayaw
Vehumet
Wu Jian
Xom
Yredelemnul
Zin
The Shining One

Shops:
D:6 !:

Annotations:
D:5 3 runed translucent doors, oldplebian's ghost, amateur DgCj
D:6 exclusion: 6 doors
D:9 2 transporters, exclusion: two-headed ogre
D:10 Snorg


Innate Abilities, Weirdness & Mutations

You are small and have problems with some larger weapons.
You are completely attuned to the shadows.


Message History

Snorg rages.
Aiming: Fastroot
Press: ? - help, Shift-Dir - straight line, f/p - Snorg
Aim: Snorg (heavily wounded, berserk)
Okay, then.
Unknown command.
Snorg completely misses you. Snorg closely misses you. Snorg barely misses you.
You feel less exhausted. Snorg closely misses you. x3
Snorg attacks as you move away! Snorg bites you! Snorg claws you! x2
Your muscles tense, ready for explosive movement...
Your supernatural speed expires.
Aiming: Fastroot
Press: ? - help, Shift-Dir - straight line, f/p - Snorg
Aim: Snorg (moderately wounded, berserk)
The roots erupt in riotous growth!
Roots grab Snorg.
The grasping roots constrict Snorg.
Snorg escapes!
Snorg attacks as you move away! Snorg completely misses you.
Snorg closely misses you. x2
Snorg misses you. Snorg barely misses you. Snorg completely misses you.
Snorg bites you but does no damage. Snorg closely misses you.
Snorg completely misses you. Snorg bites you! Snorg closely misses you.
Snorg completely misses you.
Snorg rages.
Snorg barely misses you. Snorg claws you!
* * * LOW HITPOINT WARNING * * *
Snorg completely misses you.
Okay, then.
Unknown command.
Snorg misses you. Snorg completely misses you. Snorg misses you.
Snorg attacks as you move away! Snorg closely misses you.
Snorg completely misses you. Snorg misses you. Snorg attacks as you move away!
Snorg completely misses you. x2
Snorg claws you!
* * * LOW HITPOINT WARNING * * *
Snorg misses you. Snorg claws you.
* * * LOW HITPOINT WARNING * * *
Snorg claws you!
You die...

.......#####..#.# #....#
..............##########.##.#.#
..............####..)..#.##.#.#
..............#....))..#....#.#
..............####..)).#....#.#
...........)..# ####'###....'.#
..............# #........##.#.#
..............###.#..##.....#.#
.............T@......<##+##.# #
.............#.######## #.#>.
......)))......# #.#.#
........)......+ #.#.#
.......)...[#.# #.#.#
...........#.# #.'..
.............# #.###
..........#### #.#
..........#.# ###


You could see Snorg (berserk).

Vanquished Creatures
  A troll (D:9)
  A wyvern (D:9)
  9 yaks
  Eustachio (D:6)
  2 steam dragons
  2 water moccasins
  2 sky beasts
  2 orc warriors
  2 black bears (D:5)
  2 ogres (D:5)
  2 centaurs
  A kobold brigand (D:8)
  3 bullfrogs
  4 gnoll sergeants
  A scorpion (D:5)
  A necrophage (D:7)
  22 wights
  10 killer bees
  5 howler monkeys (D:8)
  A human zombie (D:7)
  A bullfrog zombie (D:7)
  A centaur zombie (D:7)
  4 hounds
  A jelly (D:5)
  4 orc priests
  5 gnoll boudas
  4 iguanas
  10 orc wizards
  2 sleepcaps
  4 killer bee zombies (D:7)
  3 mummies (D:7)
  45 gnolls
  4 adders
  A shadow imp (D:5)
  4 white imps
  2 dart slugs
  24 orcs
  10 bats
  8 endoplasms
  2 giant cockroaches (D:2)
  10 goblins
  7 hobgoblins
  4 jackals
  3 quokkas
  3 ball pythons
  3 frilled lizards
  6 kobolds
  5 rats
254 creatures vanquished.

Vanquished Creatures (collateral kills)
  3 yaks (D:6)
  An orc (D:4)
  A hobgoblin (D:4)
  A ball python (D:4)
6 creatures vanquished.

Vanquished Creatures (others)
  A yak (D:6)
1 creature vanquished.

Grand Total: 261 creatures vanquished

Notes
Turn   | Place    | Note
-------+----------+-------------------------------------------
     0 | D:1      | Twinkles the Kobold Artificer began the quest for the Orb.
     0 | D:1      | Reached XP level 1. HP: 12/12 MP: 1/1
   105 | D:1      | Reached XP level 2. HP: 16/16 MP: 2/2
   187 | D:1      | Reached skill level 1 in Armour
   331 | D:1      | Reached skill level 2 in Stealth
   484 | D:1      | Reached XP level 3. HP: 20/20 MP: 3/3
   960 | D:2      | Identified the +7 dagger "Zucziom" {spect, rF+ rCorr}
  1236 | D:2      | Reached skill level 1 in Short Blades
  1236 | D:2      | Reached XP level 4. HP: 26/26 MP: 4/4
  1292 | D:2      | Reached skill level 3 in Stealth
  1389 | D:2      | Identified the +6 whip of Etongenn {flame, Int+2}
  1456 | D:2      | Reached XP level 5. HP: 30/30 MP: 5/5
  2114 | D:3      | Found a shimmering altar of Xom.
  2581 | D:4      | Found a staircase to the Ecumenical Temple.
  2587 | Temple   | Entered the Ecumenical Temple
  2590 | Temple   | Found a transporter.
  2590 | Temple   | Found a transporter.
  2592 | Temple   | Found a transporter.
  2592 | Temple   | Found a transporter.
  2658 | Temple   | Became a worshipper of the Wu Jian Council
  2689 | D:4      | Noticed an ogre
  2693 | D:4      | HP: 8/31 [ogre/+0 giant club (23)]
  3052 | D:4      | Reached XP level 6. HP: 26/36 MP: 6/6
  3458 | D:4      | Reached skill level 4 in Stealth
  3736 | D:5      | Entered Level 5 of the Dungeon
  3755 | D:5      | Found a runed translucent gate.
  3756 | D:5      | Found a runed translucent gate.
  3757 | D:5      | Found a runed translucent gate.
  3758 | D:5      | Noticed oldplebian's ghost (amateur DgCj)
  3817 | D:5      | Noticed an ogre
  3820 | D:5      | Killed an ogre
  3821 | D:5      | Reached XP level 7. HP: 41/41 MP: 7/7
  3889 | D:5      | Reached skill level 5 in Short Blades
  3945 | D:5      | Reached * piety under Wu Jian
  4092 | D:5      | Identified the +3 robe of the New World {Dex+2}
  4131 | D:5      | Reached skill level 5 in Stealth
  4139 | D:5      | Reached XP level 8. HP: 46/48 MP: 8/8
  4142 | D:5      | Reached skill level 5 in Dodging
  4299 | D:5      | Reached skill level 6 in Stealth
  4638 | D:5      | Reached skill level 5 in Fighting
  5087 | D:5      | Reached XP level 9. HP: 38/54 MP: 9/9
  5261 | D:6      | Noticed Eustachio
  5265 | D:6      | Killed Eustachio
  5278 | D:6      | Reached skill level 7 in Stealth
  5452 | D:6      | Reached ** piety under Wu Jian
  5484 | D:6      | HP: 16/55 [yak (7)]
  5495 | D:6      | Reached skill level 8 in Stealth
  5499 | D:6      | Reached skill level 10 in Short Blades
  5649 | D:6      | Found Askeguz's Distillery.
  5655 | D:6      | Bought a potion of curing for 39 gold pieces
  5655 | D:6      | Bought a potion of heal wounds for 65 gold pieces
  5663 | D:6      | Found Donyxy's Book Shoppe.
  5663 | D:6      | Noticed a walking frostbound tome
  5663 | D:6      | Noticed a walking divine tome
  5689 | D:6      | Reached XP level 10. HP: 44/61 MP: 10/10
  5917 | D:6      | Found a bloodstained altar of Trog.
  6064 | D:6      | Noticed a deep elf zephyrmancer
  6135 | D:6      | Found a sacrificial altar of Ru.
  6226 | D:6      | Found a snail-covered altar of Cheibriados.
  6331 | D:7      | Reached skill level 9 in Stealth
  7251 | D:7      | Found a basalt altar of Yredelemnul.
  7262 | D:7      | Reached *** piety under Wu Jian
  7584 | D:8      | Reached skill level 10 in Stealth
  8120 | D:8      | Reached skill level 5 in Evocations
  8168 | D:8      | Found a glowing silver altar of Zin.
  8904 | D:9      | HP: 18/64 [troll (5)]
  9091 | D:9      | Reached XP level 11. HP: 68/68 MP: 11/11
  9366 | D:9      | Reached skill level 11 in Stealth
  9371 | D:9      | HP: 20/69 [something (5)]
  9647 | D:9      | Found a stormy altar of Qazlal.
  9647 | D:9      | Noticed a four-headed hydra
  9649 | D:9      | Found an opulent altar of Gozag.
  9649 | D:9      | Noticed a deep elf zephyrmancer
  9661 | D:9      | Found a transporter.
  9671 | D:9      | Found a transporter.
  9735 | D:9      | Reached **** piety under Wu Jian
 10142 | D:9      | Noticed a two-headed ogre
 10353 | D:10     | Entered Level 10 of the Dungeon
 10388 | D:10     | Found a glowing golden altar of the Shining One.
 10616 | D:10     | Found a shadowy altar of Dithmenos.
 10782 | D:10     | Noticed Snorg
 10824 | D:10     | HP: 21/71 [Snorg (15)]
 10828 | D:10     | HP: 10/71 [Snorg (12)]
 10828 | D:10     | HP: 4/71 [Snorg (6)]
 10828 | D:10     | Mangled by Snorg

Illustrated notes

Levels and vault maps discovered:
D:1:      nicolae_arrival_memento_mori, layout_loops_ring
D:2:      layout_basic, nicolae_the_louvre
D:3:      layout_rooms, nicolae_overflow_crystal_walls, nicolae_hexahallways
D:4:      layout_loops_ring, temple_fountains
D:5:      minmay_opposing_rooms, layout_loops_ring,
          gammafunk_ghost_nasty_kobolds, minmay_quadrilaterals
D:6:      layout_rooms, mainiacjoe_overflow_brackets,
          mainiacjoe_overflow_divided_tiny, serial_shops,
          nicolae_shop_mannequins, nicolae_shop_tiny_statue_garden,
          guppyfry_early_elven_hall, uniq_eustachio
D:7:      layout_basic, lemuel_mausoleum_altar_yredelemnul
D:8:      layout_gridville, mainiacjoe_overflow_six_doors_small,
          minmay_starry_boxes
D:9:      layout_roguey, gammafunk_temple_overflow_arena
D:10:     layout_stronghold, kennysheep_okawaru_gauntlet,
          nicolae_tso_swordbearing_angel, grunt_dithmenos_smoke_and_mirrors,
          serial_shops, nicolae_shop_just_a_little_nook, uniq_snorg
Temple:   hellmonk_temple_divided_pantheon

Skill      XL: |  1  2  3  4  5  6  7  8  9 10 11 |
---------------+----------------------------------+-----
Armour         | 1 2 4 |  4.0
Stealth        | 2 3 4 5 6 8 10 11 | 11.6
Dodging        | 3 4 6 7 8 |  8.5
Fighting       | 2 3 4 5 6 8 9 |  9.0
Short Blades   | 1 2 3 4 6 8 10 | 10.0
Evocations     | 5 6 |  6.9

Action                     |  1- 3 |  4- 6 |  7- 9 | 10-12 || total
---------------------------+-------+-------+-------+-------++-------
  Melee: Club              |    23 |       |       |       ||    23
         Dagger            |    91 |   111 |   155 |   375 ||   732
         Punch             |       |       |     3 |     5 ||     8
  Throw: Dart              |       |     2 |       |     2 ||     4
 Invoke: Serpent's Lash    |       |       |       |     6 ||     6
Ability: Lunge             |       |     7 |    23 |    54 ||    84
         Whirlwind         |       |       |     7 |    18 ||    25
  Evoke: Wand              |       |     3 |     4 |     5 ||    12
    Use: Scroll            |       |       |     1 |     4 ||     5
   Stab: Sleeping          |     7 |    13 |    14 |    16 ||    50
         Distracted        |     1 |     1 |     4 |     7 ||    13
 Armour: Leather armour    |    30 |     8 |       |       ||    38
         Ring mail         |       |     7 |    23 |    24 ||    54
  Dodge: Dodged            |    88 |    54 |    55 |   170 ||   367
  Block: Other             |       |       |     3 |     9 ||    12

Table legend: (Time is in decaauts)
 A = Elapsed time spent in this place.
 B = Non-inter-level travel time spent in this place.
 C = Inter-level travel time spent in this place.
 D = Time resting spent in this place.
 E = Time spent auto-exploring this place.
 F = Levels seen in this place.
 G = Mean time per level.
                   A        B        C        D        E       F      G
               +--------+--------+--------+--------+--------+-----+--------+
         Total |  10656 |  10277 |    379 |    398 |   7572 |  11 |  968.7 |
       Dungeon |  10567 |  10211 |    356 |    398 |   7536 |  10 | 1056.7 |
        Temple |     89 |     66 |     23 |      0 |     36 |   1 |   89.0 |
               +--------+--------+--------+--------+--------+-----+--------+

Top non-repeatable levels by time:
     D:5: 1579 daAuts
     D:9: 1478 daAuts
     D:7: 1236 daAuts
     D:8: 1226 daAuts
     D:4: 1052 daAuts
     D:1: 942 daAuts
     D:6: 934 daAuts
     D:3: 883 daAuts
     D:2: 762 daAuts
    D:10: 471 daAuts
  Temple: 89 daAuts
